 Dungeon Crawl Stone Soup version 0.28-a0-595-g9f6c0e134a (webtiles) character file.

Game seed: 9241857444165917118

123230 siradein the Destroyer (level 16, -12/128 HPs)
             Began as a Pale Draconian Conjurer on Oct 3, 2021.
             Was a High Priest of Vehumet.
             Killed from afar by an eleionoma (27 damage)
             ... with a spray of wooden splinters
             ... on level 2 of the Swamp on Oct 5, 2021.
             The game lasted 03:38:55 (34118 turns).

siradein the Destroyer (Pale Draconian Conjurer)   Turns: 34118, Time: 03:38:57

Health: -12/128    AC: 16    Str: 10    XL:     16   Next: 36%
Magic:  24/40      EV: 15    Int: 36    God:    Vehumet [*****.]
Gold:   1277       SH:  0    Dex: 10    Spells: 2/36 levels left

rFire   . . .      SeeInvis +   X - staff of conjuration
rCold   . . .      Faith    .   (no shield)
rNeg    . . .      Spirit   .   (armour unavailable)
rPois   .          Reflect  .   U - +3 hat of Pondering {ponderous, Will+ MP+10 Int+5}
rElec   .          Harm     .   e - +1 cloak
rCorr   .          Rampage  .   h - +0 pair of gloves
Will    ++...                   c - +0 pair of boots
Stlth   ++........              t - amulet of magic regeneration
HPRegen 0.31/turn               d - ring of see invisible
MPRegen 0.52/turn               H - +6 ring of intelligence

@: slow
A: breathe steam, AC +9, unfitting armour, cold-blooded, steam resistance
a: Breathe Steam, Renounce Religion


You were on level 2 of the Swamp.
You worshipped Vehumet.
Vehumet was extremely pleased with you.
You visited 5 branches of the dungeon, and saw 26 of its levels.
You also visited: Volcano.

You collected 2669 gold pieces.
You spent 1392 gold pieces at shops.

Inventory:

Hand Weapons
 C - the +5 hunting sling of Naufeott {freeze, rN+ Will+}
   (You found it on level 7 of the Dungeon)

   Any ammunition fired from it freezes those it strikes, dealing additional
   cold damage.
   It can also slow down cold-blooded creatures.
   rN:        It protects you from negative energy.
   Will:      It increases your willpower.
Missiles
 j - 860 stones
 q - 141 sling bullets
Armour
 c - a +0 pair of boots (worn)
 e - a +1 cloak (worn)
 h - a +0 pair of gloves (worn)
 U - the +3 hat of Pondering (worn) {ponderous, Will+ MP+10 Int+5}
   (You took it off Gastronok on level 2 of the Lair of Beasts)

   Int:       It affects your intelligence (+5).
   MP:        It affects your magic capacity (+10).
   Will:      It increases your willpower.
Magical Staves
 o - a staff of poison
 y - a staff of fire
 X - a staff of conjuration (weapon)
 Y - a staff of earth
Jewellery
 d - a ring of see invisible (left hand)
 s - a ring of willpower
 t - an amulet of magic regeneration (around neck)
 G - a +4 ring of evasion
 H - a +6 ring of intelligence (right hand)
 O - a +4 ring of evasion
 P - the amulet "Yshos" {rC++ Will+ Regen+ Dex-3}
   (You took it off a spriggan druid on level 1 of the Swamp)

   [amulet of regeneration]

   Dex:       It affects your dexterity (-3).
   rC:        It greatly protects you from cold.
   Regen:     It increases your rate of health regeneration.
   Will:      It increases your willpower.
 W - a ring of protection from fire
Wands
 k - a wand of charming (18)
 p - a wand of acid (34)
 v - a wand of iceblast (33)
 A - a wand of paralysis (14)
 B - a wand of mindburst (27)
 E - a wand of flame (70)
 Q - a wand of polymorph (16)
Scrolls
 a - 6 scrolls of enchant armour
 f - a scroll of fear {unknown}
 i - 9 scrolls of teleportation
 n - 8 scrolls of blinking
 w - 4 scrolls of magic mapping
 x - 4 scrolls of immolation
 D - 2 scrolls of noise {unknown}
 J - 3 scrolls of fog {unknown}
 K - 3 scrolls of enchant weapon {unknown}
 L - a scroll of holy word {unknown}
 M - 4 scrolls of brand weapon
 R - 4 scrolls of silence
Potions
 b - 5 potions of brilliance
 g - 3 potions of invisibility
 l - 3 potions of cancellation
 m - 11 potions of curing
 r - 2 potions of berserk rage
 u - a potion of degeneration {unknown}
 z - 3 potions of haste
 F - 6 potions of might
 N - a potion of lignification {unknown}
 S - 4 potions of mutation {unknown}
 T - a potion of experience {unknown}
 V - 3 potions of heal wounds {unknown}
 Z - 4 potions of flight {unknown}
Miscellaneous
 I - a box of beasts


   Skills:
 + Level 8.0 Fighting
 + Level 3.9 Staves
 + Level 8.7 Slings
 + Level 10.8 Dodging
 - Level 1.7 Stealth
 + Level 10.8 Spellcasting
 + Level 12.3 Conjurations
 + Level 7.2 Translocations
 + Level 11.1 Fire Magic
 + Level 2.1 Ice Magic
 + Level 11.2 Air Magic
 - Level 3.5 Poison Magic
 + Level 11.1 Evocations


You had 2 spell levels left.
You knew the following spells:

 Your Spells              Type           Power      Damage    Failure   Level
a - Magic Dart            Conj           100%       1d8       0%          1
b - Searing Ray           Conj           100%       2d8       0%          2
c - Conjure Ball Lightni  Conj/Air       51%        3x3d18    1%          6
d - Fulminant Prism       Conj/Hex       38%        3d18      1%          4
e - Iskenderun's Mystic   Conj/Tloc      94%        2d18      1%          4
f - Ozocubu's Armour      Ice            34%        N/A       2%          3
g - Flame Wave            Conj/Fire      100%       3d16      1%          4
h - Swiftness             Air            79%        N/A       1%          3
i - Inner Flame           Hex/Fire       56%        N/A       1%          3
j - Airstrike             Air            39%        N/A       1%          4

Your spell library contained the following spells:

 Spells                   Type           Power      Damage    Failure   Level
 Spellforged Servitor     Conj/Summ      38%        N/A       34%         7
 Foxfire                  Conj/Fire      100%       2x1d9     0%          1
 Corpse Rot               Necr/Air       N/A        N/A       1%          2
 Ensorcelled Hibernation  Hex/Ice        54%        N/A       1%          2
 Static Discharge         Conj/Air       100%       N/A       1%          2
 Summon Small Mammal      Summ           76%        N/A       2%          1
 Passwall                 Tmut/Erth      15%        N/A       3%          2
 Conjure Flame            Conj/Fire      100%       6-21      1%          3
 Dazzling Flash           Conj/Hex       100%       N/A       1%          3
 Ignite Poison            Fire/Tmut/Pois 53%        N/A       1%          3
 Mephitic Cloud           Conj/Pois/Air  91%        N/A       1%          3
 Stone Arrow              Conj/Erth      100%       3d13      1%          3
 Olgreb's Toxic Radiance  Pois           45%        N/A       1%          4
 Passage of Golubria      Tloc           N/A        N/A       1%          4
 Sticky Flame             Conj/Fire      100%       2d11      1%          4
 Summon Lightning Spire   Summ/Air       56%        N/A       1%          4
 Freezing Cloud           Conj/Ice/Air   44%        6-21      1%          5
 Lightning Bolt           Conj/Air       51%        1d72      1%          5
 Call Canine Familiar     Summ           19%        N/A       6%          3
 Summon Guardian Golem    Hex/Summ       19%        N/A       6%          3
 Tukima's Dance           Hex            19%        N/A       6%          3
 Ice Form                 Ice/Tmut       27%        N/A       14%         4
 Yara's Violent Unravell  Hex/Tmut       9%         3d6       16%         5
 Cause Fear               Hex            9%         N/A       22%         4
 Dispel Undead            Necr           19%        3d11      22%         4
 Alistair's Intoxication  Tmut/Pois      21%        N/A       28%         5
 Metabolic Englaciation   Hex/Ice        13%        N/A       36%         5
 Eringya's Noxious Bog    Tmut/Pois      16%        N/A       36%         6
 Blade Hands              Tmut           9%         N/A       52%         5
 Borgnjor's Vile Clutch   Necr/Erth      9%         N/A       52%         5
 Simulacrum               Ice/Necr       13%        N/A       91%         6
 Lehudib's Crystal Spear  Conj/Erth      38%        10d10     93%         8
 Death Channel            Necr           9%         N/A       97%         6
 Invisibility             Hex            9%         N/A       97%         6
 Statue Form              Tmut/Erth      12%        N/A       97%         6
 Dragon Form              Tmut           9%         N/A       100%        7
 Haunt                    Necr/Summ      9%         N/A       100%        7
 Death's Door             Necr           9%         N/A       100%        9
 Dragon's Call            Summ           9%         N/A       100%        9
 Animate Armour           Summ/Erth      Unusable   N/A       N/A         4

Dungeon Overview and Level Annotations

Branches:
Dungeon (15/15)            Temple (1/1) D:7            Lair (6/6) D:9
  Swamp (2/4) Lair:2       Spider (0/4) Lair:2        Slime (0/5) Lair:5
    Orc (2/2) D:10            Elf (0/3) Orc:2        Vaults (0/5) D:14
 Depths (0/4) D:15        Volcano (visited)

Altars:
Ashenzari
Cheibriados
Dithmenos
Elyvilon
Fedhas
Gozag
Hepliaklqana
Kikubaaqudgha
Makhleb
Nemelex Xobeh
Okawaru
Qazlal
Ru
Sif Muna
Trog
Uskayaw
Vehumet
Wu Jian
Xom
Yredelemnul
Zin
The Shining One
Beogh

Shops:
Orc:2 !**:=[

Portals:
Trove: D:14 (show slimy rune of Zot)


Innate Abilities, Weirdness & Mutations

You can breathe blasts of scalding, opaque steam.
Your pale cyan-grey scales are hard. (AC +9)
You cannot fit into any form of body armour.
You are cold-blooded and may be slowed by cold attacks.
You are immune to the effects of steam.


Message History

Aiming: Airstrike (safe; 1% risk of failure)
Press: ? - help, Q - select action, (/) - cycle Dir - move target, f - bloated husk
Aim: a bloated husk (heavily damaged, empty space bonus: 7/8)
The air twists around and strikes the bloated husk!!
Vehumet accepts your kill.
The bloated husk explodes!
The foxfire hits you but does no damage.
The will-o-the-wisp gestures.
The will-o-the-wisp conjures some foxfire!
The heat melts your icy armour. 2 foxfires come into view.
Aiming: Airstrike (safe; 1% risk of failure)
Press: ? - help, Q - select action, (/) - cycle Dir - move target, f - will-o-the-wisp
Aim: a will-o-the-wisp (empty space bonus: 5/8)
The air twists around and strikes the will-o-the-wisp!
The will-o-the-wisp is moderately damaged.
The foxfire hits you!!
The foxfire hits you but does no damage.
The foxfire hits you!!
Your icy armour melts away.
The eleionoma flows through the trees.
The heat melts your icy armour.
Aiming: Airstrike (safe; 1% risk of failure)
Press: ? - help, Q - select action, (/) - cycle Dir - move target, f/p - will-o-the-wisp
Aim: a will-o-the-wisp (moderately damaged, empty space bonus: 6/8)
The air twists around and strikes the will-o-the-wisp!!
The will-o-the-wisp is severely damaged.
The foxfire hits you!! The eleionoma hits you!
* * * LOW HITPOINT WARNING * * *
The will-o-the-wisp gestures.
The will-o-the-wisp conjures some foxfire! 2 foxfires come into view.
Unknown command.
The foxfire hits you!
* * * LOW HITPOINT WARNING * * *
The foxfire hits you.
* * * LOW HITPOINT WARNING * * *
The eleionoma hurls a spray of splinters at you.
The spray of wooden splinters hits you!!
You die...

≈≈..§≈.
.≈....
♣♣♣♣.≈.≈
♣≈)§v..♣
♣♣).§§≈.
♣♣≈.)§§§♣
♣...≈.§§♣
♣.@♣ ♣♣R♣
.♣♣ .≈
≈=. ≈♣..
§..♣.
♣.?≈♣♣


You could see an eleionoma and a will-o-the-wisp.

Vanquished Creatures
  Gastronok (Lair:2)
  A fenstrider witch (Swamp:1)
  3 dire elephants (Lair:6)
  A bunyip (Lair:2)
  An eleionoma (Swamp:2)
  Snorg (D:14)
  2 ettins
  A fire dragon (D:15)
  A yaktaur captain (D:15)
  An ice dragon (D:15)
  5 ogre magi
  7 ghost crabs (Swamp:1)
  9 hydras
  A boulder beetle (D:15)
  2 catoblepae (Lair:5)
  7 centaur warriors
  A death knight (D:13)
  An alligator (Swamp:1)
  A tengu warrior (D:13)
  A death yak (Lair:4)
  23 two-headed ogres
  6 spriggans
  6 skeletal warriors
  2 spectral death yaks (Lair:6)
  2 goliath frogs (Swamp:1)
  2 deep trolls (Orc:2)
  4 spriggan druids (Swamp:1)
  A spectral anaconda (Lair:6)
  An obsidian statue (Lair:6)
  A deep elf archer (Volcano)
  A bog body (Swamp:1)
  2 orc knights
  A swamp dragon (Swamp:1)
  4 necromancers (Lair:6)
  12 deep elf pyromancers
  3 orc sorcerers
  9 cyclopes
  5 ugly things (D:14)
  5 manticores
  12 elephants
  Joseph (D:8)
  4 black mambas
  5 apocalypse crabs (Swamp:1)
  2 gargoyles
  A torpor snail (Swamp:1)
  19 cane toads
  10 komodo dragons
  2 kobold demonologists
  An unseen horror (shapeshifter) (D:15)
  3 freezing wraiths (D:13)
  Psyche (D:11)
  A rime drake (Lair:6)
  An efreet (D:15)
  A tengu conjurer (D:13)
  A komodo dragon (shapeshifter) (D:15)
  14 trolls
  A polar bear (Lair:4)
  3 meliai (D:15)
  5 tyrant leeches (Swamp:1)
  2 bloated husks
  9 hornets
  13 blink frogs
  9 slime creatures
  Grinder (D:3)
  Prince Ribbit (D:5)
  A spriggan (shapeshifter) (D:14)
  28 yaks
  3 wraiths
  A vampire (D:11)
  A basilisk (D:15)
  3 wyverns
  11 vampire mosquitoes
  2 steam dragons (D:9)
  3 fire elementals (Volcano)
  A death yak simulacrum (Lair:6)
  11 swamp worms (Swamp:1)
  Menkaure (D:4)
  6 wargs
  3 acid dragons (D:12)
  16 water moccasins
  3 hell hounds (Volcano)
  3 swamp drakes (Swamp:1)
  An ice beast (D:8)
  A hornet zombie (D:8)
  Purgy (D:3)
  11 orc warriors
  2 sky beasts
  An elephant zombie (Lair:6)
  An ogre (shapeshifter) (D:13)
  A black bear (shapeshifter) (D:13)
  10 wolves
  2 necrophages (D:5)
  24 ogres
  A tengu (Lair:3)
  6 centaurs
  A phantom (D:5)
  11 bullfrogs
  A water moccasin zombie (D:7)
  2 cane toad simulacra (Lair:6)
  3 scorpions
  6 killer bees (D:6)
  A wight (D:8)
  7 electric eels
  3 howler monkeys
  A centaur zombie (D:9)
  2 jellies
  15 orc priests
  2 hounds
  A centaur skeleton (D:4)
  3 iguanas
  17 orc wizards
  6 hell rats (Lair:6)
  3 hound skeletons
  10 adders
  4 shadow imps
  A white imp (D:6)
  An adder zombie (D:5)
  A worm (D:3)
  3 dart slugs
  59 orcs
  8 ball pythons
  7 bats
  11 endoplasms
  8 giant cockroaches
  8 goblins
  13 hobgoblins
  5 jackals
  9 kobolds
  3 quokkas
  5 frilled lizards
  5 rats
666 creatures vanquished.

Vanquished Creatures (collateral kills)
  3 ball lightnings
3 creatures vanquished.

Vanquished Creatures (others)
  A wizard (D:15)
  22 ball lightnings
  8 foxfires (Swamp:2)
  66 fulminant prisms
  38 fungi
  47 plants
  29 withered plants (Lair:6)
211 creatures vanquished.

Grand Total: 880 creatures vanquished

Notes
Turn   | Place    | Note
-------+----------+-------------------------------------------
     0 | D:1      | siradein the Draconian Conjurer began the quest for the
                  | Orb.
     0 | D:1      | Reached XP level 1. HP: 14/14 MP: 3/3
   269 | D:1      | Reached XP level 2. HP: 20/20 MP: 1/5
   718 | D:1      | Learned a level 2 spell: Searing Ray
   938 | D:1      | Reached XP level 3. HP: 26/26 MP: 3/6
   942 | D:1      | Learned a level 3 spell: Dazzling Flash
  1728 | D:2      | Reached XP level 4. HP: 33/33 MP: 2/8
  2848 | D:3      | Found a glowing silver altar of Zin.
  2927 | D:3      | Noticed Grinder
  2931 | D:3      | Paralysed by Grinder for 5 turns
  2943 | D:3      | Killed Grinder
  2944 | D:3      | Reached skill level 5 in Conjurations
  2944 | D:3      | Reached XP level 5. HP: 17/38 MP: 0/10
  2944 | D:3      | Reached XP level 6. HP: 20/45 MP: 0/11
  3265 | D:3      | Noticed Purgy
  3287 | D:3      | Killed Purgy
  4282 | D:4      | Noticed Menkaure
  4304 | D:4      | Killed Menkaure
  4305 | D:4      | Reached skill level 6 in Conjurations
  4305 | D:4      | Your scales start taking on a pale cyan-grey colour.
  4305 | D:4      | Reached XP level 7. HP: 38/50 MP: 7/13
  4305 | D:4      | Gained mutation: You are immune to the effects of steam.
                  | [Pale Draconian growth]
  4390 | D:4      | Learned a level 4 spell: Fulminant Prism
  4431 | D:4      | Found a transporter.
  4434 | D:4      | Found a blossoming altar of Fedhas.
  5021 | D:4      | Found a transporter.
  5161 | D:5      | Entered Level 5 of the Dungeon
  5547 | D:5      | Reached skill level 5 in Spellcasting
  5793 | D:5      | Noticed Prince Ribbit
  5796 | D:5      | Killed Prince Ribbit
  5797 | D:5      | Reached skill level 5 in Dodging
  5797 | D:5      | Reached XP level 8. HP: 57/57 MP: 12/15
  5996 | D:5      | Reached skill level 7 in Conjurations
  5996 | D:5      | Reached skill level 1 in Fire Magic
  5996 | D:5      | Reached skill level 1 in Air Magic
  5996 | D:5      | Reached skill level 1 in Evocations
  6285 | D:5      | Learned a level 4 spell: Iskenderun's Mystic Blast
  6663 | D:6      | Noticed a two-headed ogre
  6721 | D:6      | Killed a two-headed ogre
  6722 | D:6      | Reached XP level 9. HP: 62/62 MP: 12/18
  7190 | D:6      | Noticed a troll
  7196 | D:6      | Killed a troll
  7599 | D:7      | Found an ornate altar of the Wu Jian Council.
  7600 | D:7      | Found a radiant altar of Vehumet.
  7601 | D:7      | Found an iron altar of Okawaru.
  7601 | D:7      | Found a burning altar of Makhleb.
  7610 | D:7      | Identified the +5 hunting sling of Naufeott {freeze, rN+
                  | Will+}
  8331 | D:7      | Found a staircase to the Ecumenical Temple.
  8528 | D:8      | Noticed Joseph
  8541 | D:8      | HP: 3/62 [Joseph/sling bullet (13)]
  8546 | D:8      | Killed Joseph
  8547 | D:8      | Reached skill level 8 in Conjurations
  8777 | D:7      | Reached skill level 1 in Slings
  9232 | D:8      | Reached XP level 10. HP: 56/69 MP: 19/19
 10152 | Temple   | Entered the Ecumenical Temple
 10364 | D:7      | Became a worshipper of Vehumet
 10598 | D:9      | Found a staircase to the Lair.
 10603 | D:9      | Learned a level 3 spell: Conjure Flame
 10608 | D:9      | Learned a level 4 spell: Flame Wave
 10626 | D:9      | Reached skill level 5 in Fire Magic
 10626 | D:9      | Reached skill level 5 in Air Magic
 10646 | D:9      | Reached skill level 5 in Evocations
 10884 | D:9      | Noticed a deep elf pyromancer
 10887 | D:9      | Killed a deep elf pyromancer
 10915 | D:9      | Got the Collected Works on Transformation
 11125 | D:9      | Upgraded the game from 0.28-a0-580-ga2639ab843 to
                  | 0.28-a0-589-g333b8329f1
 11131 | D:10     | Entered Level 10 of the Dungeon
 11443 | D:10     | Found a staircase to the Orcish Mines.
 11509 | D:10     | Noticed a gargoyle
 11514 | D:10     | Killed a gargoyle
 11547 | D:10     | Noticed a two-headed ogre
 11553 | D:10     | Killed a two-headed ogre
 11554 | D:10     | Reached XP level 11. HP: 74/74 MP: 14/22
 11851 | D:11     | Reached * piety under Vehumet
 11851 | D:11     | Offered knowledge of Sandblast by Vehumet.
 11904 | D:11     | Noticed a two-headed ogre
 11915 | D:11     | Killed a two-headed ogre
 11916 | D:11     | Reached skill level 9 in Conjurations
 12164 | D:11     | Noticed Psyche
 12175 | D:11     | Killed Psyche
 12962 | D:9      | Identified the +6 spear "Rosh" {freeze, MP-9 Dex+4}
 12967 | Lair:1   | Entered Level 1 of the Lair of Beasts
 13294 | Lair:1   | Offered knowledge of Poisonous Vapours by Vehumet.
 13483 | Lair:1   | Reached ** piety under Vehumet
 14046 | Lair:1   | You fall into a shaft and drop 1 floor!
 14270 | Lair:2   | Found a hole to the Spider Nest.
 14297 | Lair:2   | Reached XP level 12. HP: 37/81 MP: 7/24
 14534 | Lair:1   | Reached skill level 5 in Slings
 14714 | Lair:2   | Noticed Gastronok
 14738 | Lair:2   | Killed Gastronok
 15072 | Lair:2   | Found a staircase to the Swamp.
 15339 | Lair:2   | Offered knowledge of Static Discharge by Vehumet.
 15931 | Lair:3   | Learned a level 3 spell: Swiftness
 16485 | Lair:3   | Noticed Sonja
 16486 | Lair:3   | Noticed Sonja
 16486 | Lair:3   | Sonja changed into Sonja the tengu
 16491 | Lair:3   | Killed Sonja the tengu
 16781 | Lair:4   | Noticed a six-headed hydra
 16789 | Lair:4   | Killed a six-headed hydra
 16790 | Lair:4   | Reached skill level 1 in Fighting
 16790 | Lair:4   | Reached skill level 10 in Conjurations
 16801 | Lair:4   | Noticed a seven-headed hydra
 16808 | Lair:4   | Killed a seven-headed hydra
 16809 | Lair:4   | Reached skill level 1 in Translocations
 16847 | Lair:4   | Found a dark tunnel.
 16857 | Volcano  | Entered a volcano
 17039 | Volcano  | Reached *** piety under Vehumet
 17656 | Lair:4   | Reached XP level 13. HP: 93/93 MP: 25/25
 17939 | Lair:4   | Learned a level 3 spell: Inner Flame
 18504 | Lair:5   | Offered knowledge of Frozen Ramparts by Vehumet.
 18685 | Lair:5   | Identified the +5 hand axe "Deonoor" {venom, rC- Dex+5 SInv
                  | Stlth+}
 19119 | Lair:5   | Found a staircase to the Slime Pits.
 19581 | Lair:6   | Entered Level 6 of the Lair of Beasts
 19591 | Lair:6   | Reached **** piety under Vehumet
 19597 | Lair:6   | Offered knowledge of Olgreb's Toxic Radiance by Vehumet.
 20155 | Lair:6   | Upgraded the game from 0.28-a0-589-g333b8329f1 to
                  | 0.28-a0-595-g9f6c0e134a
 20300 | Lair:6   | Noticed a dire elephant
 20336 | Lair:6   | Killed a dire elephant
 20493 | Lair:6   | Noticed a dire elephant
 20661 | Lair:6   | Reached XP level 14. HP: 105/105 MP: 27/27
 21108 | Lair:6   | Reached skill level 5 in Fighting
 21108 | Lair:6   | Reached skill level 11 in Conjurations
 21568 | Lair:6   | Learned a level 4 spell: Olgreb's Toxic Radiance
 22704 | Orc:1    | Entered Level 1 of the Orcish Mines
 23193 | Orc:2    | Entered Level 2 of the Orcish Mines
 23197 | Orc:2    | Reached ***** piety under Vehumet
 23201 | Orc:2    | Offered knowledge of Starburst by Vehumet.
 23227 | Orc:2    | Reached skill level 5 in Translocations
 23338 | Orc:2    | Reached skill level 1 in Poison Magic
 23507 | Orc:2    | Reached skill level 10 in Air Magic
 23667 | Orc:2    | Found Zoufasun's General Store.
 23774 | Orc:2    | Reached skill level 10 in Spellcasting
 23891 | Orc:2    | Reached skill level 10 in Fire Magic
 23904 | Orc:2    | Reached skill level 10 in Dodging
 23914 | Orc:2    | Reached skill level 10 in Evocations
 24082 | Orc:2    | Found Goyjoke's General Store.
 24086 | Orc:2    | Found Kooclyqi's Jewellery Emporium.
 24089 | Orc:2    | Found Cappyzoc's Armour Boutique.
 24098 | Orc:2    | Found Vecizil's Book Emporium.
 24107 | Orc:2    | Bought a book of the Dragon for 552 gold pieces
 24107 | Orc:2    | Bought a book of Storms for 384 gold pieces
 24107 | Orc:2    | Bought Great Wizards, Vol. II for 456 gold pieces
 24128 | Orc:2    | Found Apitokhlu's Distillery.
 24223 | Orc:2    | Found a staircase to the Elven Halls.
 24830 | D:12     | Offered knowledge of Conjure Ball Lightning by Vehumet.
 25117 | D:12     | Learned a level 6 spell: Conjure Ball Lightning
 25741 | D:13     | Reached XP level 15. HP: 101/116 MP: 29/29
 27204 | D:13     | Learned a level 4 spell: Airstrike
 27268 | D:14     | Reached skill level 1 in Staves
 27656 | D:14     | Found a portal to a secret trove of treasure.
 27872 | D:14     | Found a radiant altar of Vehumet.
 27967 | D:14     | Found a gate to the Vaults.
 28634 | D:14     | Noticed Snorg
 28639 | D:14     | Killed Snorg
 28787 | D:14     | Identified a scroll of acquirement
 28788 | D:14     | Acquired a staff of fire
 28793 | D:15     | Entered Level 15 of the Dungeon
 30221 | D:15     | Found a staircase to the Depths.
 30268 | D:15     | Reached skill level 12 in Conjurations
 30986 | D:15     | Learned a level 3 spell: Ozocubu's Armour
 31496 | Swamp:1  | Entered Level 1 of the Swamp
 31964 | Swamp:1  | Reached XP level 16. HP: 101/126 MP: 20/30
 31976 | Swamp:1  | Reached skill level 1 in Ice Magic
 32451 | Swamp:1  | Offered knowledge of Spellforged Servitor by Vehumet.
 32502 | Swamp:1  | Found a runed translucent door.
 32536 | Swamp:1  | Paralysed by a fenstrider witch for 2 turns
 33231 | Swamp:1  | Identified the amulet "Yshos" {rC++ Will+ Regen+ Dex-3}
 33594 | Swamp:1  | Got Dajaodev's Handbook of Toxic Necromancy
 34118 | Swamp:2  | Killed from afar by an eleionoma

Illustrated notes

Levels and vault maps discovered:
D:1:      onia_arrival_pentagram, layout_loops_ring, minmay_misc_feat_room
D:2:      layout_rooms, kennysheep_doodads, minmay_randomly_rotated_circles
D:3:      minmay_general_purpose_star, layout_loops_ring, zin_academy,
          uniq_grinder, uniq_purgy
D:4:      gammafunk_steamed_eel, layout_basic, amcnicky_altar_gilded,
          minmay_misc_feat_tower, uniq_menkaure
D:5:      layout_layer_cave, uniq_prince_ribbit1
D:6:      layout_layer_cave
D:7:      layout_rooms, grunt_temple_overflow_open, temple_hall
D:8:      layout_basic, minmay_checkerbox, uniq_joseph
D:9:      layout_cave_pools, lair_entry_dummy, minmay_librarian
D:10:     layout_big_octagon
D:11:     layout_stronghold, grunt_ministairs_1, uniq_psyche
D:12:     layout_cave_pools
D:13:     layout_irregular_city
D:14:     layout_roguey, david_vaults_2, enter_trove_1, vehumet_altar_wand_db,
          uniq_snorg
D:15:     grunt_enter_depths_hoard, layout_basic,
          minmay_fractal_squares_gapless_7
Temple:   nicolae_temple_elliptical
Lair:1:   beast_lair_carwin_large_2, layout_long_grid,
          grunt_forest_small_clearing_treed
Lair:2:   layout_gridlike, swamp_mist_pool, dummy_spider_entry,
          serial_bayou_shore_a, uniq_gastronok
Lair:3:   layout_cave_pods, serial_bayou_crossing, uniq_sonja
Lair:4:   layout_gridlike, nicolae_volcano_entry_hallway, wad_woods_road_03,
          beast_lair_carwin_7, infiniplex_staircase_pool_2
Lair:5:   nzn_motion_control, layout_hall_layers, slime_dummy, lemuel_fruit_tree
Lair:6:   due_jungle_book, layout_misc_corridors
Swamp:1:  gammafunk_mikee_crab_dinner, layout_basic_swamp,
          evilmike_swamp_ruin_house_3, swamp_pool5, worms_lemuel
Swamp:2:  nicolae_swamp_decorative_isthmus, layout_basic_swamp,
          nicolae_swamp_stair_fork
Orc:1:    layout_diamond_mine, basic_altar
Orc:2:    st_orc_open, layout_caves, serial_shops, nicolae_lakefront_shop, shop,
          nicolae_orc_lost_temple

Skill      XL: |  1  2  3  4  5  6  7  8  9 10 11 12 13 14 15 16 |
---------------+-------------------------------------------------+-----
Dodging        | 2 3 4 5 6 7 8 9 10 | 10.8
Spellcasting   | 3 4 5 6 7 8 9 10 | 10.8
Conjurations   | 5 6 7 8 9 10 11 12 | 12.3
Fire Magic     | 3 4 5 7 8 9 10 11 | 11.1
Air Magic      | 3 4 6 7 8 9 10 11 | 11.2
Evocations     | 3 4 5 7 8 9 10 11 | 11.1
Slings         | 1 3 4 5 6 7 8 |  8.7
Fighting       | 2 4 6 7 8 |  8.0
Translocations | 2 4 5 6 7 |  7.2
Poison Magic   | 2 3 |  3.5
Staves         | 3 |  3.9
Ice Magic      | 2 |  2.1
Stealth        | |  1.7

Action                   |  1- 3 |  4- 6 |  7- 9 | 10-12 | 13-15 | 16-18 || total
-------------------------+-------+-------+-------+-------+-------+-------++-------
Melee: Unarmed           |       |     3 |       |       |       |       ||     3
       Morningstar       |       |     2 |       |       |       |       ||     2
       Staff             |       |       |       |       |    26 |    12 ||    38
       Tailslap          |       |       |       |       |     1 |       ||     1
 Fire: Hunting sling     |       |       |    15 |    79 |     9 |       ||   103
 Cast: Magic Dart        |    81 |    53 |    80 |    34 |    77 |       ||   325
       Searing Ray       |     2 |    22 |    44 |    75 |   133 |       ||   276
       Fulminant Prism   |       |       |       |    22 |    42 |     2 ||    66
       Flame Wave        |       |       |       |    23 |    17 |       ||    40
       Iskenderun's Myst |       |       |       |    45 |   211 |    34 ||   290
       Conjure Flame     |       |       |       |     2 |     1 |       ||     3
       Inner Flame       |       |       |       |       |   105 |    17 ||   122
       Swiftness         |       |       |       |       |     2 |       ||     2
       Olgreb's Toxic Ra |       |       |       |       |     6 |       ||     6
       Conjure Ball Ligh |       |       |       |       |    10 |       ||    10
       Airstrike         |       |       |       |       |   117 |    97 ||   214
       Ozocubu's Armour  |       |       |       |       |     4 |     1 ||     5
 Abil: Breathe Steam     |       |       |    31 |    71 |    49 |     4 ||   155
Evoke: Wand              |       |       |       |     1 |       |       ||     1
       Box of beasts     |       |       |       |       |       |     1 ||     1
  Use: Scroll            |       |       |     5 |     6 |    13 |       ||    24
 Stab: Petrified         |       |       |       |       |       |     5 ||     5
Armor: Skin              |     6 |     8 |    13 |    36 |    66 |    16 ||   145
Dodge: Dodged            |    15 |    16 |    34 |   118 |   176 |     9 ||   368
Block: Other             |       |     5 |     1 |       |       |       ||     6
       Reflection        |       |       |     1 |       |       |       ||     1

Table legend: (Time is in decaauts)
 A = Elapsed time spent in this place.
 B = Non-inter-level travel time spent in this place.
 C = Inter-level travel time spent in this place.
 D = Time resting spent in this place.
 E = Time spent auto-exploring this place.
 F = Levels seen in this place.
 G = Mean time per level.
                   A        B        C        D        E       F      G
               +--------+--------+--------+--------+--------+-----+--------+
         Total |  35110 |  33307 |   1803 |   3647 |  24700 |  27 | 1300.4 |
       Dungeon |  19855 |  18579 |   1276 |   1204 |  14754 |  15 | 1323.7 |
        Temple |    159 |    131 |     28 |      0 |    118 |   1 |  159.0 |
          Lair |   9782 |   9353 |    429 |   1201 |   6816 |   6 | 1630.3 |
         Swamp |   2410 |   2380 |     30 |    556 |   1469 |   2 | 1205.0 |
  Orcish Mines |   2119 |   2081 |     38 |    563 |   1060 |   2 | 1059.5 |
       Volcano |    781 |    781 |      0 |    123 |    481 |   1 |  781.0 |
               +--------+--------+--------+--------+--------+-----+--------+

Top non-repeatable levels by time:
  Lair:6: 2784 daAuts
    D:15: 2573 daAuts
 Swamp:1: 2388 daAuts
    D:13: 1743 daAuts
     D:4: 1678 daAuts
  Lair:1: 1656 daAuts
  Lair:2: 1624 daAuts
     D:1: 1592 daAuts
     D:3: 1548 daAuts
  Lair:5: 1500 daAuts
    D:14: 1314 daAuts
    D:11: 1282 daAuts
     D:2: 1243 daAuts
  Lair:3: 1221 daAuts
     D:5: 1195 daAuts
